 Dungeon Crawl Stone Soup version 0.28-a0-863-g8cecda6153 (webtiles) character file.

Game seed: 1499540999000766135

29 croobank the Sneak (level 2, -2/23 (25) HPs)
             Began as a Demigod Delver on Nov 20, 2021.
             Slain by an adder (3 damage)
             ... on level 5 of the Dungeon.
             The game lasted 00:06:41 (656 turns).

croobank the Sneak (Demigod Delver)                  Turns: 656, Time: 00:06:42

HP:   -2/23 (25)    AC:  3    Str: 13    XL:     2   Next: 81%
MP:   4/4           EV: 12    Int: 12    God:
Gold: 33            SH:  0    Dex: 15    Spells: 1/1 levels left

rFire   . . .      SeeInvis .   a - +0 hand axe
rCold   . . .      Faith    .   (no shield)
rNeg    . . .      Spirit   .   b - +0 leather armour
rPois   .          Reflect  .   (no helmet)
rElec   .          Harm     .   (no cloak)
rCorr   .          Rampage  .   (no gloves)
Will    .....                   (no boots)
Stlth   +++.......              (no amulet)
HPRegen 0.07/turn               (no ring)
MPRegen 0.09/turn               (no ring)

@: lethally poisoned (-2 -> -3), drained
A: high mp 1, forlorn
a: no special abilities


You were on level 5 of the Dungeon.
You visited 1 branch of the dungeon, and saw 2 of its levels.

You collected 33 gold pieces.

Inventory:

Hand Weapons
 a - a +0 hand axe (weapon)
Armour
 b - a +0 leather armour (worn)
Wands
 g - a wand of digging (3)
Scrolls
 c - a scroll of fog
 d - a scroll of magic mapping
 e - a scroll of fear


   Skills:
 + Level 2.9 Fighting
 + Level 2.0 Axes
 + Level 0.2 Armour
 + Level 1.9 Dodging
 + Level 5.0 Stealth


You had one spell level left.
You didn't know any spells.
Your spell library was empty.

Dungeon Overview and Level Annotations

Branches:
Dungeon (5/15)
 Temple: D:4-7


Innate Abilities, Weirdness & Mutations

Your attributes grow dramatically as you level up.
You have an increased reservoir of magic. (+10% MP)
You shall have no god before yourself.


Message History

HP restored.
An adder comes into view.
Found 28 bolts.
The helpless adder fails to defend itself.
You hit the adder.
The adder is heavily wounded.
The adder bites you but does no damage. The adder bites you.
The adder bites you but does no damage. The adder misses you.
The scorpion completely misses you. The adder bites you.
You are poisoned.
The adder poisons you! The adder bites you but does no damage.
You feel sick.
You feel sick.
You feel sick. The adder bites you.
You feel sick. The scorpion misses you.
You feel sick.
You are no longer poisoned.
Found 7 gold pieces.
The adder bites you but does no damage. The adder barely misses you.
You hear the quick hiss of a distant avalanche of sand.
The scorpion barely misses you. The adder closely misses you.
The adder bites you. The adder bites you.
You are lethally poisoned!
The adder poisons you!
* * * LOW HITPOINT WARNING * * *
You feel sick.
The scorpion stings you but does no damage.
* * * LOW HITPOINT WARNING * * *
You feel sick.
* * * LOW HITPOINT WARNING * * *
You feel sick.
* * * LOW HITPOINT WARNING * * *
You feel sick. The adder misses you.
* * * LOW HITPOINT WARNING * * *
You feel sick.
* * * LOW HITPOINT WARNING * * *
You feel sick. The adder bites you.
You die...

#.........#.######..#
#.........#......#..#
#....#.........#..##.##..#
#....#.........#..##.##..#
###....#####.##..#..##.##..#
...... #........#...#.##s.#
#...# #.###s#S######.##..#
#...# #.....S........##..#
####...######...@...........#
................>##########.#
####...######.#### #.#
####...# #.# #.# ......## #.#
#.# ......# #.# #.# ......#
#.#############.# ......#
#...............#
.!....#######...............#


You could see a scorpion and 2 adders.

Vanquished Creatures
  A centaur zombie (D:5)
1 creature vanquished.

Notes
Turn   | Place    | Note
-------+----------+-------------------------------------------
     0 | D:5      | croobank the Demigod Delver began the quest for the Orb.
     0 | D:5      | Reached XP level 1. HP: 18/18 MP: 3/3
    17 | D:5      | Noticed a scorpion
   118 | D:5      | Noticed a necrophage
   202 | D:5      | Reached skill level 5 in Stealth
   202 | D:5      | Reached XP level 2. HP: 2/25 MP: 4/4
   324 | D:4      | Noticed a necrophage
   656 | D:5      | HP: 1/23 [poisoned by an adder]
   656 | D:5      | Slain by an adder

Illustrated notes

Levels and vault maps discovered:
D:4:      layout_rooms, serial_shops, kennysheep_mini_moat,
          nicolae_shop_crystal, nicolae_shop_behind_doors, portal_sewer_entry_b,
          uniq_duvessa
D:5:      layout_basic, enter_ossuary_1

Skill      XL: |  1 |
---------------+----+-----
Axes           | 2 |  2.0
Stealth        | 5 |  5.0
Fighting       | |  2.9
Armour         | |  0.2
Dodging        | |  1.9

Action                   || total
-------------------------++-------
Melee: Hand axe          ||    14
  Use: Potion            ||     3
 Stab: Sleeping          ||     1
Armor: Leather armour    ||    16
Dodge: Dodged            ||    22

Table legend: (Time is in decaauts)
 A = Elapsed time spent in this place.
 B = Non-inter-level travel time spent in this place.
 C = Inter-level travel time spent in this place.
 D = Time resting spent in this place.
 E = Time spent auto-exploring this place.
 F = Levels seen in this place.
 G = Mean time per level.
                   A        B        C        D        E       F      G
               +--------+--------+--------+--------+--------+-----+--------+
         Total |    639 |    639 |      0 |    264 |     45 |   2 |  319.5 |
       Dungeon |    639 |    639 |      0 |    264 |     45 |   2 |  319.5 |
               +--------+--------+--------+--------+--------+-----+--------+

Top non-repeatable levels by time:
     D:5: 602 daAuts
     D:4: 37 daAuts
